Cogmind - Beta 17 @@@ ROGUE MODE // 2026.08.10 @ 18:08:14 Player: Marc Result: Self-destructed Performance ------------- Evolutions (1) 500 Regions Visited (2) 400 Robots Destroyed (26) 130 Value Destroyed (651) 651 Prototype IDs (4) 80 Alien Tech Used (0) 0 Bonus (0) 0 TOTAL SCORE: 1761 Bonus ------- None Cogmind --------- Core Integrity 256/400 Matter 121/300 Energy 28/125 System Corruption 0% Temperature Warm (102) Movement Core (100) Ox1 Location -9/Materials Parts ------- > --- POWER (1) -------- Light Ion Engine > --- PROPULSION (2) --- Improved Flight Unit > --- UTILITY (4) ------ Small Storage Unit Weight Redist. System ECM Suite > --- WEAPON (2) ------- Improved Medium Laser Improved Medium Laser > --- INVENTORY (8) ---- Heavy Ion Engine Light Treads Aluminum Leg Aluminum Leg High-capacity Matter Pod (0) Grenade Launcher Grenade Launcher Datajack Peak State ------------ > --- POWER ------------ Light Ion Engine > --- PROPULSION ------- Light Treads Improved Flight Unit > --- UTILITY ---------- Small Storage Unit High-capacity Matter Pod Weight Redist. System ECM Suite > --- WEAPON ----------- Improved Medium Laser Improved Medium Laser > --- INVENTORY -------- Heavy Ion Engine Aluminum Leg Grenade Launcher Grenade Launcher Datajack [Rating: 16] Favorites ----------- Power Ion Engine Engine Ion Engine Propulsion Aluminum Leg Treads Light Treads Leg Aluminum Leg Flight Unit Improved Flight Unit Utility Small Storage Unit Device ECM Suite Storage Small Storage Unit Weapon Grenade Launcher Energy Gun Improved Medium Laser Energy Cannon Beam Cannon Ballistic Gun Light Assault Rifle Launcher Grenade Launcher Build | -11 -10 -9 ------- Run | Yrd Mat Mat Slots Evolved 2 | . . 2 Power . | . . . Propulsion . | . . . Utility 2 | . . 2 Weapon . | . . . Parts Attached 16 | . 6 10 Power 3 | . . 3 Engine 3 | . . 3 Core . | . . . Reactor . | . . . Propulsion 3 | . . 3 Treads 1 | . . 1 Leg 1 | . . 1 Wheel . | . . . Hover . | . . . Flight 1 | . . 1 Utility 4 | . 2 2 Device 2 | . 1 1 Storage 2 | . 1 1 Processor . | . . . Hackware . | . . . Protection . | . . . Artifact . | . . . Weapon 6 | . 4 2 Energy Gun 2 | . . 2 Energy Cannon 1 | . 1 . Ballistic Gun . | . . . Ballistic Cannon . | . . . Launcher 3 | . 3 . Special Weapon . | . . . Impact Weapon . | . . . Slashing Weapon . | . . . Piercing Weapon . | . . . Special Melee Weapon . | . . . Unidentified Prototypes 4 | . . 4 Parts Lost 4 | . . 4 Power 1 | . . 1 Propulsion . | . . . Utility . | . . . Weapon 3 | . . 3 Highest Loss Streak 2 | . . 2 To Critical Strikes . | . . . Average Backups 4 | 6 4 5 Power 1 | 1 1 1 Propulsion 1 | 4 2 1 Utility . | . . . Weapon 1 | 1 . 1 Tool/Special . | . . . Unused Backups 9 | . 3 6 Power . | . . . Propulsion 4 | . . 4 Utility . | . . . Weapon 4 | . 3 1 Tool/Special 1 | . . 1 Average Slot Usage (%) 86 | . 91 81 Engine 12 | . 14 10 Leg 21 | . 28 16 Flight 1 | . . 2 Device 9 | . 5 13 Storage 16 | . 14 19 Energy Gun 2 | . . 4 Energy Cannon 3 | . 2 4 Ballistic Gun 5 | . 11 . Launcher 10 | . 14 8 Peak Build Rating 16 | 6 7 16 Average Rating 7 | 6 6 9 On Entrance 6 | 6 6 7 Avg Prop Armor Cover (%) 1 | . . 1 Naked Turns . | . . . Heaviest Build 22 | 12 17 22 Greatest Support 20 | 20 20 20 Greatest Overweight (x) 3 | . . 3 Average Overweight (x) . | . . . Largest Inventory Capacity 8 | 8 8 8 Average Capacity 7 | 8 6 8 Most Carried 8 | 6 7 8 Average Carried 4 | 6 4 5 Final Capacity 8 | 8 5 8 Final Carried 8 | 6 5 8 Class Distribution -------------------- 100% | Mutant Dominant Class ---------------- Mutant | -10/Materials Mutant | -9/Materials Resources | -11 -10 -9 ----------- Run | Yrd Mat Mat Matter Collected 572 | 190 77 305 Remotely . | . . . Salvage Created 528 | . 145 383 Parts 35 | . 3 32 Haulers Intercepted 2 | . 1 1 Recyclers Shooed 1 | . . 1 Parts Field Recycled . | . . . Retrieved Matter . | . . . Parts Self-Destructed . | . . . Prevented . | . . . Parts Restored . | . . . Kills | -11 -10 -9 ------- Run | Yrd Mat Mat Combat Hostiles Destroyed 16 | . 3 13 Guns 1 | . . 1 Cannons 2 | . . 2 AOE 13 | . 3 10 Classes Destroyed 9 | . 3 6 Worker 1 | . . 1 Builder 2 | . . 2 Hauler 2 | . 1 1 Operator 1 | . . 1 Watcher 4 | . 2 2 Swarmer 4 | . . 4 Grunt 8 | . 3 5 Brawler 1 | . . 1 Sentry 3 | . . 3 Best Kill Streak 12 | . 2 12 Combat Bots Only 9 | . 2 9 Max Kills in Single Turn 3 | . 2 3 Gunslinging . | . . . Exploded 3 | . 2 3 Melee . | . . . Uniques/NPCs Destroyed . | . . . Combat | -11 -10 -9 -------- Run | Yrd Mat Mat Hostile Shots Fired 92 | . 6 86 Missed 30 | . 4 26 Hits 62 | . 2 60 Projectile 62 | . 2 60 Critical Strikes 1 | . . 1 Damage Taken 907 | . 56 851 Core 144 | . . 144 Absorbed by Shields . | . . . Core Remaining (%) 100 | 100 100 . Volleys Fired 53 | . 16 37 Largest 2 | . 2 2 Hottest 112 | . 90 112 Shots Fired 84 | . 30 54 Gun 24 | . 16 8 Cannon 25 | . 4 21 Launcher 35 | . 10 25 Special . | . . . Kinetic 16 | . 16 . Thermal 33 | . 4 29 Explosive 35 | . 10 25 Electromagnetic . | . . . Robot Hit Streak 10 | . 4 10 Robot Miss Streak 7 | . 3 7 Penetration Max . | . . . Secondary Targets . | . . . Shots Hit Robots 36 | . 14 22 Core Hits 43 | . 13 30 Critical Kills . | . . . Critical Parts Destroyed . | . . . Critical Strikes 3 | . . 3 Burn 3 | . . 3 Melee Attacks . | . . . Impact . | . . . Slashing . | . . . Piercing . | . . . Sneak Attacks . | . . . Combat Hostiles . | . . . Follow-up Attacks . | . . . Damage Inflicted 1846 | . 455 1391 Guns 155 | . 68 87 Cannons 173 | . 34 139 Explosions 1518 | . 353 1165 Melee . | . . . Ramming . | . . . Kinetic 68 | . 68 . Thermal 260 | . 34 226 Explosive 1518 | . 353 1165 Electromagnetic . | . . . Impact . | . . . Slashing . | . . . Piercing . | . . . Highest Corruption . | . . . Average Corruption . | . . . Corruption Purged . | . . . Corruption Blocked . | . . . Overload Shots . | . . . Overflow Damage 29 | . . 29 Projectiles . | . . . Explosions 29 | . . 29 Melee . | . . . Knockbacks . | . . . Impact . | . . . Kinetic . | . . . Secondary . | . . . Self-Inflicted Damage 178 | . 34 144 Shots 7 | . 1 6 Rammed . | . . . Targets Rammed . | . . . Kicked . | . . . Crushed . | . . . Highest Temperature 293 | . 70 293 Average Temperature 84 | . 19 106 Received Heat Transfer 285 | . 12 273 Siege Activations . | . . . Martial Activations . | . . . Shielding Activations . | . . . Robots Disrupted . | . . . Combat Hostiles . | . . . Robots Corrupted . | . . . Combat Hostiles . | . . . Parts Fried . | . . . Impact Corruptions . | . . . Robots Melted . | . . . Combat Hostiles . | . . . Parts Melted 1 | . . 1 Heat Transferred 777 | . 74 703 Parts Sabotaged . | . . . Parts Stolen . | . . . Parts Stripped . | . . . Power Chain Reactions . | . . . Alert | -11 -10 -9 ------- Run | Yrd Mat Mat Maximum Alert Level 1 | . . 1 Low Security (%) 64 | 100 100 28 Level 1 35 | . . 71 Level 2 . | . . . Level 3 . | . . . Level 4 . | . . . Level 5 . | . . . High Security . | . . . Max Security . | . . . Peak Influence 381 | . 63 381 Initial . | . . . Average 134 | . 23 247 Influence Increases 709 | . 157 552 Destroy 0b10 Robot/C 320 | . 60 260 Destroy 0b10 Robot/NC 50 | . 15 35 Destroy Leader 92 | . 16 76 Disable Machine 90 | . . 90 Destroy Structure 157 | . 66 91 Influence Decreases 365 | . 157 208 Time Decay 325 | . 157 168 Lost Part 40 | . . 40 Squads Dispatched 2 | . 1 1 Investigation . | . . . Extermination . | . . . Reinforcement 2 | . 1 1 Assault . | . . . Garrison . | . . . Intercept . | . . . Searches Triggered . | . . . Construction Impeded . | . . . Haulers Reinforced . | . . . Active Scanning Responses . | . . . Cargo Convoy Interrupts . | . . . Stealth | -11 -10 -9 --------- Run | Yrd Mat Mat Distress Signals 3 | . . 3 Communications Jammed . | . . . Distress Signals . | . . . Times Spotted 31 | . 9 22 Peak Tracking Total 10 | . 2 10 Tactical Retreats 2 | . . 2 ECM-based Alert Blocks 2 | . . 2 Traps | -11 -10 -9 ------- Run | Yrd Mat Mat Traps Triggered . | . . . Indirectly . | . . . Trap Hack Attempts . | . . . Triggered . | . . . Disarmed . | . . . Reprogrammed . | . . . Reused . | . . . Traps Extracted . | . . . Installed . | . . . Triggered . | . . . Machines | -11 -10 -9 ---------- Run | Yrd Mat Mat Machines Disabled 6 | . . 6 Max in Single Turn 2 | . . 2 Machines Repaired . | . . . Machines Dismantled . | . . . Machines Sabotaged . | . . . Overloaded Fab Kills . | . . . Hacking | -11 -10 -9 --------- Run | Yrd Mat Mat Machines Accessed . | . . . Terminals . | . . . Fabricators . | . . . Repair Stations . | . . . Recycling Units . | . . . Scanalyzers . | . . . Garrison Access . | . . . Total Hacks . | . . . Successful . | . . . Failed . | . . . Catastrophic . | . . . Database Lockouts . | . . . Manual . | . . . Terminals . | . . . Fabricators . | . . . Repair Stations . | . . . Recycling Units . | . . . Scanalyzers . | . . . Garrison Access . | . . . Terminal Hacks . | . . . Fabricator Hacks . | . . . Repair Station Hacks . | . . . Recycling Unit Hacks . | . . . Scanalyzer . | . . . Garrison Access Hacks . | . . . Unauthorized Hacks . | . . . Terminals . | . . . Fabricators . | . . . Repair Stations . | . . . Recycling Units . | . . . Scanalyzers . | . . . Garrison Access . | . . . Data Cores Recovered 1 | . . 1 Used . | . . . Hacking Detections . | . . . Full Trace Events . | . . . Feedback Events . | . . . Feedback Blocked . | . . . Robot Schematics Acquired . | . . . Robots Built . | . . . Authchips . | . . . Time . | . . . Total Robot Build Rating . | . . . Part Schematics Acquired . | . . . Parts Built . | . . . Authchips . | . . . Time . | . . . Total Part Build Rating . | . . . Part Studies Acquired . | . . . Parts Repaired . | . . . Time . | . . . Parts Recycled . | . . . Recycled Matter . | . . . Retrieved Matter . | . . . Retrieved Components . | . . . Parts Scanalyzed . | . . . Part Schematics Acquired . | . . . Parts Damaged . | . . . Bothacking | -11 -10 -9 ------------ Run | Yrd Mat Mat Used RIF Installer . | . . . Robots Hacked . | . . . Non-combat . | . . . Combat . | . . . Robot Hacks Applied . | . . . Relay Couplers Released . | . . . Fabnet Peak Effective % . | . . . Robots Rewired . | . . . Allies Hacked . | . . . Hacks Repelled . | . . . Allies | -11 -10 -9 -------- Run | Yrd Mat Mat Total Allies . | . . . Largest Group . | . . . Highest-Rated Group . | . . . Highest-Rated Ally . | . . . Total Orders . | . . . Ally Attacks . | . . . Total Damage . | . . . Kills . | . . . Allies Corrupted . | . . . Allies Melted . | . . . Intel | -11 -10 -9 ------- Run | Yrd Mat Mat Active Infowar (turns) 577 | . 173 404 ECM 577 | . 173 404 Robot Analysis Total . | . . . Derelict Logs Recovered . | . . . Drone Launches . | . . . Drone Recoveries . | . . . Exploration | -11 -10 -9 ------------- Run | Yrd Mat Mat Turns Passed 812 | 12 396 404 Spaces Moved 497 | 11 257 229 Core 66 | . . 66 Treads 8 | . . 8 Legs 422 | 11 257 154 Wheels . | . . . Hover . | . . . Flight 1 | . . 1 Fastest Speed 100 | 120 120 100 Average Speed 121 | 120 120 122 Slowest Speed 250 | 120 120 250 Overloaded Moves . | . . . Propulsion Burnouts . | . . . Robots Hopped . | . . . Potential Cave-ins . | . . . Cave-ins Triggered . | . . . Exploration Rate (%) 24 | 2 39 32 Regions Visited 2 Branch Regions . Pre-discovered Areas . | . . . Known Exits Taken . | . . . Unknown Exits Taken 2 | 1 1 . Scrap Searched . | . . . Spaces Dug . | . . . Terrain Destroyed 175 | . 61 114 Melee . | . . . Projectile . | . . . AOE 175 | . 61 114 Terrain Rammed . | . . . Walls Destroyed . | . . . Machines Disabled . | . . . Actions | -11 -10 -9 --------- Run | Yrd Mat Mat Total 632 | 10 321 301 Wait 27 | . 27 . Move 495 | 10 256 229 Hop . | . . . Pick Up 19 | . 7 12 Fast Attach 1 | . 1 . Attach 11 | . 1 10 Detach 4 | . . 4 Swap 8 | . 4 4 Drop 14 | . 9 5 Fire 53 | . 16 37 Melee . | . . . Ram . | . . . Kick . | . . . Crush . | . . . Escape Stasis . | . . . Rewire . | . . . Trap . | . . . Miscellaneous . | . . . Route ------- -11/Scrapyard -10/Materials -9/Materials History --------- Turn | Location | Event 1 | -11/Scrapyard | Discovered new exit (range 3) 13 | -11/Scrapyard | Entered Materials 217 | -10/Materials | Discovered new exit (range 7) 317 | -10/Materials | Build established: Mutant 409 | -10/Materials | Entered another Materials area 409 | -9/Materials | Evolved 2 slots: Utility x2 560 | -9/Materials | Destroyed 9 combat bots 813 | -9/Materials | Self-destructed Last Messages --------------- 00740_ K-01 Serf collects debris. 00741_ U-05 Engineer lays Concrete. 00743_ Acquired 3 matter. 00743_ R-06 Scavenger collects Aluminum Leg. 00744_ U-05 Engineer lays Concrete. 00748_ Acquired 38 matter. 00755_ U-05 Engineer builds a Wall. 00755_ U-05 Engineer destroyed. 00756_ U-05 Engineer lays Concrete. 00763_ Acquired 31 matter. 00769_ Acquired Aluminum Leg. 00769_ U-05 Engineer lays Concrete. 00770_ G-34 Mercenary suffers critical hit (Burn). 00770_ U-05 Engineer lays Concrete. 00773_ Aluminum Leg melted. 00773_ G-34 Mercenary destroyed. 00773_ U-05 Engineer lays Concrete. 00776_ Acquired 46 matter. 00800_ W-16 Scout sends out distress signal. 00807_ Y-45 Defender suffers critical hit (Burn). Map ----- +----------------------------------------------------+ | ?????????????????????????????????????????????????? | | ?????????????????????????????????????????????????? | | ?????????????????????????????????????????????????? | | ?????????????????????????????????????????????????? | | ?????????????????????????????????????????????????? | | ?????????????????????????????????????????????????? | | ?????????????????????????????????????????????????? | | ?????????????????????????????????????????????????? | | ?????????????????????????????????????????????????? | | ?????????????????????????????????????????????????? | | ?????????????????????????????????????????????????? | | ?????????????????????????????????????????????????? | | ?????????????????????????????????????????????????? | | ?????????????????????????????????????????????????? | | ????????????########?????????????????????????????? | | ????????????? [#?????????????????????????????? | | ????????????# #????#????????????????????????? | | ????????????# ##### ####?#??????????????????? | | ????????????# """ ## #??????????????????? | | ????????????# """ ## """Y""" +??????????????????? | | ????????????# """ ## """ """ #??????????????????? | | ????#???????# ## """ """ #??????????????????? | | ????# ??????# """ ## #??????????????????? | | ????# ?????# """ ## k]] #??????????????????? | | ????# ????# """ ##] ]] #??????????????????? | | ?????# ???# ## @ ]] #??????????????????? | | ?????# #######+####+######### ??????????????? | | ?????# ?????????????? | | ????## ?????????????? | | ?????????????? | | ############+#########%####+##### ??????????????? | | ??????#!!! #????? #?????????????????????????? | | #?????#!!] """ #????# #?????????????????????????? | | ##????#!!] """ #????# #?????????????????????????? | | #????# """ #????# #?????????????????????????? | | #????# "S % ####?# #?????????????????????????? | | #????# " ###### #?????????????????????????? | | ###??# "[ #?????????????????????????? | | ### !# #?????????????????????????? | | ## ######+##### #?????????????????????????? | | % ############??????????????? | | # #??????????????? | | ! * + #??????????????? | | # " |%! # #??????????????? | | # # "" * #### ## #??????????????? | | # # [ # ## ############??????????????? | | # # ##+###???????????????????????? | | ### # " # ** #???????????????????????? | | ###??### # "" #???????????????????????? | | #??????# # R" #???????????????????????? | +----------------------------------------------------+ Best States ------------- Heat Dissipation 28 Energy Generation 10 Energy Capacity 250 Matter Stores 300 Matter Capacity 500 Sight Range 16 Terrain Scan Density 10 ECM Strength 1 Additional Mass Support 6 Evasion (%) 55 Recoil Reduction 1 Item Schematics ----------------- None Robot Schematics ------------------ None Fabricated ------------ Nothing Repaired ---------- Nothing Studied --------- None Alien Tech Used ----------------- None Achievements -------------- None Challenges ------------ None Game ------ Seed RainbowCoolantWell Manual? 0 Play Time 00:12:06 Cumulative 13.5 hours Start 2026.08.10 @ 17:54:46 End 2026.08.10 @ 18:08:14 Sessions 1 Manual Loads 0 Difficulty Rogue Special Mode None Game No. 37 Rogue 30 Adventurer 7 Explorer 0 Win Type - Total 0 Types 0/0/0/0/0/0/0/0/0/0 Lore% 10 Gallery% 18 Achievement% 14 Wizard Run 0 Options --------- Layout 0 ASCII 0 Keyboard 0 Movement Mouse Keybinds 0 Fullscreen 1 Font 18/SmallcapsGlow Map View 38x25 Zoom Use 100% Tactical HUD 1 Map Filters NONE Filters NONE Steam 1 RUN: 221ae396-7394-4910-ae8f-be762581e955